 Dungeon Crawl Stone Soup version 0.29.1-2-gbd0b4ee654 (webtiles) character file.

Game seed: 17435661886886957821

21 oldmanjim the Poker (level 2, 0/23 HPs)
             Began as a Merfolk Gladiator on Nov 18, 2022.
             Was an Initiate of Gozag.
             Slain by a scorpion (6 damage)
             ... on level 2 of the Dungeon.
             The game lasted 00:04:14 (997 turns).

oldmanjim the Poker (Merfolk Gladiator)              Turns: 997, Time: 00:04:16

Health: 0/23       AC:  4    Str: 14    XL:     2   Next: 87%
Magic:  2/2        EV: 13    Int:  7    God:    Gozag
Gold:   98         SH:  0    Dex: 15    Spells: 1/1 levels left

rFire   . . .      SeeInvis .   a - +0 trident
rCold   . . .      Faith    .   (no shield)
rNeg    . . .      Spirit   .   b - +0 leather armour
rPois   .          Reflect  .   c - +0 helmet
rElec   .          Harm     .   (no cloak)
rCorr   .          Rampage  .   (no gloves)
Will    .....                   (no boots)
Stlth   +.........              (no amulet)
HPRegen 0.07/turn               (no ring)
MPRegen 0.08/turn               (no ring)

@: lethally poisoned (0 -> -3)
A: (nimble swimmer 2), mertail
a: Renounce Religion, Potion Petition, Call Merchant, Bribe Branch


You were on level 2 of the Dungeon.
You worshipped Gozag.
Gozag was noncommittal.
You visited 1 branch of the dungeon, and saw 2 of its levels.

You collected 98 gold pieces.

Inventory:

Hand Weapons
 a - a +0 trident (weapon)
Missiles
 d - 3 throwing nets (quivered)
 f - 19 stones
Armour
 b - a +0 leather armour (worn)
 c - a +0 helmet (worn)
Scrolls
 g - a scroll of enchant weapon {unknown}
 h - 2 scrolls of identify {unknown}
Potions
 i - a potion of lignification {unknown}
 j - a potion of might {unknown}


   Skills:
 + Level 2.7 Fighting
 + Level 4.5 Polearms
 + Level 2.5 Throwing
 - Level 4.0 Dodging


You had one spell level left.
You didn't know any spells.
Your spell library was empty.

Dungeon Overview and Level Annotations

Branches:
Dungeon (2/15)

Altars:
Gozag


Innate Abilities, Weirdness & Mutations

((You are very nimble when in or above water. (Stealth+, EV+, Speed+++)))
Your lower body shifts to a powerful aquatic tail in water.


Message History

You kill the endoplasm!
No target in view!
No target in view!
A hobgoblin comes into view.
You see here 8 gold pieces.
The hobgoblin shouts!
You closely miss the hobgoblin. The hobgoblin closely misses you.
The hobgoblin barely misses you.
You puncture the hobgoblin!
You kill the hobgoblin!
A scorpion comes into view.
Throw: javelin
Press: ? - help, Q - select action, (/) - cycle Shift-Dir - straight line, f - scorpion
Aim: a scorpion (60% to hit)
You throw a javelin.
The javelin closely misses the scorpion.
A kobold comes into view. It is wielding a +0 short sword.
Unknown command.
Unknown command.
You closely miss the scorpion.
The kobold shouts!
The scorpion stings you.
You are poisoned.
The scorpion poisons you!
You hit the scorpion but do no damage.
You feel very sick. The scorpion completely misses you.
You hit the scorpion but do no damage.
You feel sick. The scorpion closely misses you. The scorpion misses you.
You closely miss the scorpion.
You feel sick. The scorpion stings you.
You hit the scorpion but do no damage.
You feel sick. The kobold closely misses you. The scorpion barely misses you.
You hit the scorpion.
The scorpion is moderately wounded.
You feel sick.
The kobold hits you with a +0 short sword.
* * * LOW HITPOINT WARNING * * *
The scorpion stings you.
You die...
Your body crumbles into a pile of gold.

... ...####
..(..## #.....# .
##.....####.#
#............
#..sK......#.
#####..@.........
..........$......
.#.###......#..#
........#.....#
####..$$##....#
#....##.####
#.........#
######.####.### $
#......# ..
.........


You could see a scorpion and a kobold.

Vanquished Creatures
  A ball python (D:2)
  4 endoplasms
  2 goblins (D:1)
  A hobgoblin (D:2)
  5 jackals (D:2)
  A bat (D:1)
  A frilled lizard (D:2)
  A kobold (D:1)
  2 rats (D:1)
18 creatures vanquished.

Notes
Turn   | Place    | Note
-------+----------+-------------------------------------------
     0 | D:1      | oldmanjim the Merfolk Gladiator began the quest for the
                  | Orb.
     0 | D:1      | Reached XP level 1. HP: 16/16 MP: 1/1
    43 | D:1      | Found a faded altar of an unknown god.
    60 | D:1      | Prayed at the altar of an unknown god.
    60 | D:1      | Became a worshipper of Gozag Ym Sagoz the Greedy
   331 | D:1      | Reached XP level 2. HP: 23/23 MP: 2/2
   988 | D:2      | Noticed a scorpion
   997 | D:2      | Slain by a scorpion

Illustrated notes

Levels and vault maps discovered:
D:1:      psy_arrival_radial01, layout_loops_ring, basic_ecumenical_altar
D:2:      layout_basic, uniq_jessica, uniq_sigmund

Action                   || total
-------------------------++-------
Melee: Trident           ||    52
Throw: Javelin           ||     1
 Stab: Distracted        ||     1
       Sleeping          ||     1
Armor: Leather armour    ||     8
Dodge: Dodged            ||    33
